 Dungeon Crawl Stone Soup version 0.29.1-1-gd02db6906a (webtiles) character file.

Game seed: 12245648425717950752

2893 Senryu the Ruffian (level 9, -14/75 HPs)
             Began as a Troll Monk on Sept 16, 2022.
             Was a High Priest of Hepliaklqana.
             Demolished by an orc warrior
             ... wielding a +0 dire flail
              (15 damage)
             ... on level 7 of the Dungeon.
             The game lasted 00:35:58 (6254 turns).

Senryu the Ruffian (Troll Monk)                     Turns: 6254, Time: 00:35:59

Health: -14/75     AC:  7    Str: 23    XL:     9   Next: 48%
Magic:  11/11      EV:  8    Int: 14    God:    Hepliaklqana [*****.]
Gold:   132        SH:  5    Dex: 12    Spells: 12/12 levels left

rFire   . . .      SeeInvis .   x - +0 long sword
rCold   . . .      Faith    .   (no shield)
rNeg    . . .      Spirit   .   a - +1 robe
rPois   .          Reflect  +   s - +2 hat
rElec   .          Harm     .   (no cloak)
rCorr   .          Rampage  .   (gloves unavailable)
Will    .....                   (boots unavailable)
Stlth   ++........              g - amulet of reflection
HPRegen 1.02/turn               h - +6 ring of intelligence
MPRegen 0.12/turn               (no ring)

@: grasped by roots, constricted
A: reduced essence, large, unfitting armour, claws 3, regeneration 1, shaggy fur
1, tough skin 1
a: Renounce Religion, Recall Ancestor, Ancestor Identity, Transference, Idealise


You were on level 7 of the Dungeon.
You worshipped Hepliaklqana.
Hepliaklqana was extremely pleased with you.
You visited 1 branch of the dungeon, and saw 7 of its levels.

You collected 360 gold pieces.
You spent 228 gold pieces at shops.

Inventory:

Hand Weapons
 x - a +0 long sword (weapon)
Missiles
 j - a javelin
 l - a throwing net
 y - 3 boomerangs (quivered)
 C - a poisoned dart
Armour
 a - a +1 robe (worn)
 q - a +0 buckler
 s - a +2 hat (worn)
Jewellery
 g - an amulet of reflection (around neck)
 h - a +6 ring of intelligence (left claw)
 m - an amulet of magic regeneration
Wands
 r - a wand of digging (5)
 A - a wand of flame (2)
Scrolls
 c - a scroll of blinking
 d - a scroll of noise
 i - 4 scrolls of teleportation
 k - a scroll of vulnerability
 n - 4 scrolls of amnesia
 o - 2 scrolls of fog
 p - a scroll of silence
 u - a scroll of enchant weapon {unknown}
 z - a scroll of summoning
 B - a scroll of fear
Potions
 b - a potion of ambrosia
 e - a potion of resistance {unknown}
 t - 2 potions of flight {unknown}
 v - a potion of might
 w - a potion of curing
 D - a potion of attraction {unknown}


   Skills:
 * Level 3.9 Fighting
 - Level 0.6(1.1) Short Blades
 + Level 1.3(1.4) Long Blades
 * Level 2.4 Ranged Weapons
 * Level 3.2 Throwing
 * Level 3.1 Armour
 * Level 4.3 Dodging
 * Level 2.8 Stealth
 + Level 0.6 Shields
 * Level 7.0 Unarmed Combat
 * Level 2.1 Spellcasting
 * Level 2.2 Invocations
 * Level 1.2 Evocations


You had 12 spell levels left.
You didn't know any spells.
Your spell library was empty.

Dungeon Overview and Level Annotations

Branches:
Dungeon (7/15)             Temple (0/1) D:6

Altars:
Hepliaklqana
Kikubaaqudgha
Ru
Uskayaw
Vehumet

Shops:
D:2 :   D:5 !*

Annotations:
D:7 Maggie


Innate Abilities, Weirdness & Mutations

Your life essence is reduced to manifest your ancestor. (-10% HP)
You are too large for most types of armour.
You have claws for hands.
Your natural rate of healing is unusually fast.
You are covered in fur. (AC +1)
You have tough skin. (AC +1)


Message History

The orc priest barely misses you. The orc hits you but does no damage.
The orc warrior hits you with a +0 dire flail!
* * * LOW HITPOINT WARNING * * *
Maggie zaps a wand.
The roots erupt in riotous growth!
The grasping roots grab you!
The orc is unaffected. x2
Basho is unaffected.
Maggie is unaffected.
The orc priest is unaffected.
The orc warrior is unaffected.
The grasping roots constrict you.
* * * LOW HITPOINT WARNING * * *
Basho hits Maggie with a +0 dagger of draining.
The orc completely misses you.
The orc wizard barely misses Basho.
Basho hits Maggie with a +0 dagger of draining.
Basho points at Maggie and mumbles some strange words.
Maggie appears confused.
You break out of your daze!
The grasping roots constrict you.
* * * LOW HITPOINT WARNING * * *
The orc barely misses you. You block the orc priest's attack.
The orc warrior hits you with a +0 dire flail.
* * * LOW HITPOINT WARNING * * *
You feel better. The orc hits you but does no damage.
The orc wizard closely misses Basho.
The grasping roots constrict you.
* * * LOW HITPOINT WARNING * * *
The orc priest hits you but does no damage.
Basho hits Maggie with a +0 dagger of draining.
Basho drains Maggie.
You block the orc's attack.
The orc warrior hits you with a +0 dire flail.
* * * LOW HITPOINT WARNING * * *
You feel better.
Basho gestures at Maggie while chanting.
Maggie appears confused.
The grasping roots constrict you.
* * * LOW HITPOINT WARNING * * *
The orc priest calls down the wrath of Beogh upon you.
Beogh smites you!
* * * LOW HITPOINT WARNING * * *
The orc hits you with a +0 mace.
* * * LOW HITPOINT WARNING * * *
The orc warrior hits you with a +0 dire flail!
You die...

########>.##
#..|.##....######
#....##..#..#....
#....[<..##...#######
#.....#.#..!.........
#.....†...#.......##
#....#........@....##
....####.###..oo......#
#### #.##....R@.....#
#....#..ooo....#
######...).....#
#...?.....# ##.......##
.........# #.........#
#.........#


You could see the friendly Basho the hexer, Maggie (confused, very drained, ally
target), an orc warrior, an orc priest, an orc wizard (distracted, slow, very
drained) and 2 orcs.

Vanquished Creatures
  Pikel (D:4)
  A wyvern (D:7)
  The ghost of Icepheonix32 the Trooper, an amateur MiFi (D:3)
  An ice beast (D:5)
  A centaur (D:6)
  A phantom (D:5)
  A bullfrog (D:6)
  A scorpion (D:5)
  5 killer bees (D:4)
  A hound (D:6)
  2 jellies
  Crazy Yiuf (D:5)
  2 iguanas
  2 orc wizards
  A gnoll (D:3)
  8 adders
  An ufetubus (D:6)
  2 worms
  A dart slug (D:3)
  A hexer (D:3)
  10 orcs
  5 ball pythons
  7 endoplasms
  6 giant cockroaches
  3 goblins
  4 hobgoblins
  4 jackals
  6 kobolds
  2 quokkas
  7 bats
  2 frilled lizards (D:1)
  6 rats
97 creatures vanquished.

Vanquished Creatures (collateral kills)
  A wyvern (D:6)
  Duvessa (D:4)
  2 orc warriors
  An ice beast (D:6)
  A black bear (D:7)
  A lemure (D:4)
  A scorpion (D:5)
  Dowan (D:4)
  A killer bee (D:4)
  A jelly (D:5)
  3 hounds (D:5)
  An orc priest (D:6)
  3 iguanas
  4 orc wizards
  3 gnolls (D:3)
  2 adders
  An ufetubus (D:5)
  A worm (D:5)
  A dart slug (D:2)
  7 orcs
  3 ball pythons
  An endoplasm (D:4)
  4 giant cockroaches (D:2)
  2 goblins
  2 jackals (D:4)
  2 quokkas
  A bat (D:1)
  3 kobolds (D:3)
55 creatures vanquished.

Vanquished Creatures (others)
  A hexer (D:3)
1 creature vanquished.

Grand Total: 153 creatures vanquished

Notes
Turn   | Place    | Note
-------+----------+-------------------------------------------
     0 | D:1      | Senryu the Troll Monk began the quest for the Orb.
     0 | D:1      | Reached XP level 1. HP: 22/22 MP: 0/0
   239 | D:1      | Reached XP level 2. HP: 29/29 MP: 1/1
   505 | D:1      | Found a faded altar of an unknown god.
   527 | D:1      | Prayed at the altar of an unknown god.
   527 | D:1      | Became a worshipper of Hepliaklqana the Forgotten
   527 | D:1      | Reached * piety under Hepliaklqana
   527 | D:1      | Reached ** piety under Hepliaklqana
   528 | D:1      | Remembered your ancestor Basho as a hexer
   882 | D:2      | Found Xoboqali's Book Emporium.
   937 | D:2      | Reached XP level 3. HP: 32/32 MP: 2/2
  1093 | D:2      | Reached *** piety under Hepliaklqana
  1741 | D:3      | Reached XP level 4. HP: 39/39 MP: 3/3
  2023 | D:3      | Found a runed translucent gate.
  2024 | D:3      | Noticed Icepheonix32's ghost (amateur MiFi)
  2049 | D:3      | Found a runed translucent gate.
  2050 | D:3      | Found a runed translucent gate.
  2103 | D:3      | Reached **** piety under Hepliaklqana
  2248 | D:3      | Reached skill level 1 in Armour
  2303 | D:3      | Reached XP level 5. HP: 46/46 MP: 4/4
  2856 | D:3      | Killed Icepheonix32's ghost
  2857 | D:3      | Reached skill level 1 in Throwing
  2857 | D:3      | Reached skill level 4 in Unarmed Combat
  2857 | D:3      | Reached XP level 6. HP: 54/54 MP: 4/6
  3087 | D:4      | Noticed a +0 spear
  3087 | D:4      | Noticed a +0 short sword
  3088 | D:4      | Noticed a +0 dagger
  3089 | D:4      | Noticed a +0 falchion
  3089 | D:4      | Noticed a +0 spear
  3089 | D:4      | Noticed a +0 falchion
  3089 | D:4      | Noticed a +0 short sword
  3092 | D:4      | Noticed a +0 dagger
  3110 | D:4      | Found a hide-covered altar of Uskayaw.
  3180 | D:4      | Reached skill level 1 in Ranged Weapons
  3280 | D:4      | Reached skill level 1 in Spellcasting
  3280 | D:4      | Reached XP level 7. HP: 32/60 MP: 7/7
  3284 | D:4      | Reached skill level 5 in Unarmed Combat
  3318 | D:4      | Found an ancient bone altar of Kikubaaqudgha.
  3398 | D:4      | Noticed Pikel
  3422 | D:4      | Killed Pikel
  3423 | D:4      | Reached skill level 6 in Unarmed Combat
  3423 | D:4      | Reached XP level 8. HP: 67/67 MP: 8/8
  3587 | D:4      | Noticed Dowan
  3588 | D:4      | Noticed Duvessa
  3597 | D:4      | Killed Duvessa
  3600 | D:4      | Killed Dowan
  4208 | D:5      | Entered Level 5 of the Dungeon
  4210 | D:5      | Found Sapajeho's Distillery.
  4218 | D:5      | Bought a potion of might for 56 gold pieces
  4218 | D:5      | Bought a potion of curing for 42 gold pieces
  4218 | D:5      | Bought a potion of curing for 42 gold pieces
  4403 | D:5      | Reached skill level 1 in Invocations
  4476 | D:5      | Paralysed by an orc for 3 turns
  4481 | D:5      | Paralysed by an orc for 2 turns
  4692 | D:5      | Reached ***** piety under Hepliaklqana
  4716 | D:5      | Found a runed translucent door.
  4717 | D:5      | Noticed Crazy Yiuf
  4725 | D:5      | Killed Crazy Yiuf
  4770 | D:5      | Found Paer Bil's Assorted Antiques.
  4801 | D:5      | Bought a glass wand for 88 gold pieces
  4807 | D:5      | Found a radiant altar of Vehumet.
  5170 | D:6      | Identified the +0 ring mail "Pivut" {Harm rCorr Slay+4
                  | Stlth-}
  5194 | D:6      | Reached XP level 9. HP: 75/75 MP: 10/10
  5573 | D:6      | Found a sacrificial altar of Ru.
  5597 | D:6      | Found a staircase to the Ecumenical Temple.
  5648 | D:6      | Reached skill level 1 in Long Blades
  5763 | D:6      | Reached skill level 1 in Evocations
  6232 | D:7      | Reached skill level 7 in Unarmed Combat
  6234 | D:7      | Noticed Maggie
  6254 | D:7      | HP: 1/75 [orc/+0 mace (4)]
  6254 | D:7      | Demolished by an orc warrior

Illustrated notes

Levels and vault maps discovered:
D:1:      lightli_arrival_isolated_outpost, layout_loops_ring,
          shapermc_ecumenical_altar_venn, nrook_mini_vaults
D:2:      minmay_roachtagon, layout_basic, serial_shops, shop_fountains
D:3:      layout_loops_corners, biasface_ghost_orc_armoury
D:4:      layout_basic, nicolae_uskayaw_en_pointe,
          nicolae_kikubaaqudgha_miasma_corner, uniq_duvessa, uniq_pikel
D:5:      layout_gridville, amcnicky_altar_gilded, serial_shops,
          nicolae_shop_waterfront, shop, uniq_crazy_yiuf_cottage
D:6:      minmay_cornered_nines, layout_basic, lemuel_coloured_pillars_altar,
          minmay_temple_entry_hall, st_stairs_2, grunt_decor_resistance,
          grunt_decor_mini_mirrors
D:7:      layout_rooms, uniq_maggie

Skill      XL: |  1  2  3  4  5  6  7  8  9 |
---------------+----------------------------+-----
Armour         | 1 2 3 |  3.1
Dodging        | 3 4 |  4.3
Fighting       | 3 |  3.9
Throwing       | 1 2 3 |  3.2
Unarmed Combat | 4 6 7 |  7.0
Ranged Weapons | 1 2 |  2.4
Spellcasting   | 1 2 |  2.1
Stealth        | 2 |  2.8
Invocations    | 1 2 |  2.2
Long Blades    | 1 |  1.3
Evocations     | 1 |  1.2
Short Blades   | |  0.6
Shields        | |  0.6

Action                   |  1- 3 |  4- 6 |  7- 9 || total
-------------------------+-------+-------+-------++-------
Melee: Rapier            |    44 |       |       ||    44
       Unarmed           |    21 |    97 |    30 ||   148
       Punch             |     1 |     1 |     7 ||     9
       Long sword        |       |       |   103 ||   103
 Fire: Sling             |    11 |       |       ||    11
Throw: Dart              |     7 |    12 |     9 ||    28
       Javelin           |       |     1 |    35 ||    36
       Throwing net      |       |       |     3 ||     3
       Boomerang         |       |       |    20 ||    20
Invok: Ancestor Life: He |     1 |       |       ||     1
       Ancestor Identity |     1 |       |       ||     1
Evoke: Wand              |       |       |     3 ||     3
  Use: Scroll            |     4 |     4 |     4 ||    12
       Potion            |       |     5 |     4 ||     9
 Stab: Sleeping          |     2 |       |       ||     2
       Confused          |       |       |     6 ||     6
       Distracted        |       |       |     3 ||     3
       Held in net/web   |       |       |     1 ||     1
Armor: Robe              |    43 |    18 |    46 ||   107
       Skin              |       |    28 |     4 ||    32
Dodge: Dodged            |    48 |    39 |    73 ||   160
Block: Other             |       |       |    30 ||    30
